 Dungeon Crawl Stone Soup version 0.32-a0-18-g89e19f1974 (webtiles) character file.

Game seed: 17741753568874639532

44 cforsyth the Changeling (level 3, -1/36 HPs)
             Began as an Oni Shapeshifter on Jan 16, 2024.
             Slain by a gnoll
             ... wielding a +0 whip
              (4 damage)
             ... on level 2 of the Dungeon.
             The game lasted 00:01:22 (829 turns).

cforsyth the Changeling (Oni Shapeshifter)           Turns: 829, Time: 00:01:23

Health: -1/36      AC:  3    Str: 20    XL:     3   Next: 62%
Magic:  3/3        EV:  9    Int: 11    God:
Gold:   136        SH:  0    Dex:  8    Spells: 2/2 levels left

rFire   . .          .
                       - Unarmed
rCold   . . .        (no shield)
rNeg    . . .        a - +0 animal skin
rPois   .            (helmet currently unavailable)
rElec   .            (cloak currently unavailable)
rCorr   .            (gloves unavailable)
SInv    .            (boots unavailable)
Will    .....        (no amulet)
Stlth   +            (no ring)
HPRegen 0.26/turn    (no ring)
MPRegen 0.08/turn

%: no passive effects
@: beast-form
A: beast (slay +1), large, unfitting armour, horns 1, tough skin 1, double
potion healing, drunken brawling
a: Begin Untransformation


You were on level 2 of the Dungeon.
You were a hulking beast.
You visited 1 branch of the dungeon, and saw 2 of its levels.

You collected 136 gold pieces.

Inventory:

Armour
 a - a +0 animal skin (worn)
Talismans
 c - a beast talisman
 d - a flux talisman
Scrolls
 e - a scroll of identify {unknown}
 g - a scroll of teleportation {unknown}
Potions
 b - a potion of lignification
 f - a potion of haste {unknown}


   Skills:
 + Level 2.9 Fighting
 - Level 1.7 Dodging
 + Level 3.2 Unarmed Combat
 + Level 3.4 Shapeshifting


You had 2 spell levels left.
You didn't know any spells.
Your spell library was empty.

Dungeon Overview and Level Annotations

Branches:
Dungeon (2/15)

Altars:

Shops:
D:2 (


Innate Abilities, Weirdness & Mutations

You are a hulking beast.
Your limbs bulge with bestial killing power. (Slay +1)
You are too large for most types of armour.
You have a pair of small horns on your head.
You have tough skin. (AC +1)
You gain doubled healing and magic from potions.
Whenever you drink a healing potion, you attack all around you.


Message History

No target in view!
No target in view!
You feel sick.
You feel sick.
You are no longer poisoned.
Things that are here:
a giant cockroach corpse; an adder corpse A gnoll comes into view.
It is wielding a +0 whip.
Found Kufa's Weapon Shop.
The gnoll shouts!
A gnoll is nearby!
A gnoll is nearby!
A rat and a gnoll come into view.
The gnoll shouts!
The rat squeaks loudly.
A gnoll comes into view. It is wielding a +0 flail.
The gnoll hits you with a +0 whip.
You hit the gnoll.
The gnoll is heavily wounded.
You barely miss the gnoll. You headbutt the gnoll.
The gnoll is severely wounded.
The gnoll hits you with a +0 whip!
The rat twitches its whiskers.
The gnoll hits you with a +0 flail!
You are too injured to fight recklessly!
You are too injured to fight recklessly!
You are too injured to fight recklessly!
You are too injured to fight recklessly!
You are too injured to fight recklessly!
You are too injured to fight recklessly!
You are too injured to fight recklessly!
The gnoll attacks as it pursues you! The gnoll hits you with a +0 flail.
* * * LOW HITPOINT WARNING * * *
The gnoll attacks as it pursues you! The gnoll hits you with a +0 whip.
* * * LOW HITPOINT WARNING * * *
The gnoll attacks as it pursues you! The gnoll hits you but does no damage.
The gnoll attacks as it pursues you! The gnoll hits you with a +0 whip.
* * * LOW HITPOINT WARNING * * *
The gnoll attacks as it pursues you! The gnoll hits you with a +0 whip.
You die...

#..............#
#.##....####...#
.######.#####.#
#...# ........# #.#
#.... ..#####.#
##.# ....#
#†###$#.# ....#
#.##....##......
#..#####...........
#.....hg.gr........
##.#######.g...#...
##......∩.
##.###... .# .. .#
. .# .. ...# ..
....


You could see 3 gnolls and a rat.

Vanquished Creatures
  An adder (D:2)
  A ribbon worm (D:2)
  8 endoplasms
  A giant cockroach (D:2)
  2 hobgoblins (D:1)
  4 quokkas
  2 ball pythons (D:2)
  A bat (D:2)
  2 frilled lizards (D:1)
  3 goblins (D:1)
  3 kobolds (D:1)
  2 rats (D:1)
30 creatures vanquished.

Notes
Turn   | Place    | Note
-------+----------+-------------------------------------------
     0 | D:1      | cforsyth the Oni Shapeshifter began the quest for the Orb.
     0 | D:1      | Reached XP level 1. HP: 19/19 MP: 1/1
    51 | D:1      | Reached XP level 2. HP: 28/28 MP: 2/2
   547 | D:2      | Reached XP level 3. HP: 32/36 MP: 3/3
   819 | D:2      | Found Kufa's Weapon Shop.
   829 | D:2      | Slain by a gnoll

Illustrated notes

Levels and vault maps discovered:
D:1:      dreamdust_arrival_sigmund_warning, layout_basic
D:2:      layout_loops_ring, serial_shops, shop

Skill      XL: |  1  2 |
---------------+-------+-----
Fighting       | 2 |  2.9
Unarmed Combat | 3 |  3.2
Dodging        | |  1.7
Shapeshifting  | |  3.4

Action                     || total
---------------------------++-------
  Melee: Unarmed           ||    67
         Headbutt          ||     8
         Punch             ||     1
 Armour: Animal skin       ||    34
  Dodge: Dodged            ||    19

Table legend: (Time is in decaauts)
 A = Elapsed time spent in this place.
 B = Non-inter-level travel time spent in this place.
 C = Inter-level travel time spent in this place.
 D = Time resting spent in this place.
 E = Time spent auto-exploring this place.
 F = Levels seen in this place.
 G = Mean time per level.
                   A        B        C        D        E       F      G
               +--------+--------+--------+--------+--------+-----+--------+
         Total |    825 |    817 |      8 |      0 |    653 |   2 |  412.5 |
       Dungeon |    825 |    817 |      8 |      0 |    653 |   2 |  412.5 |
               +--------+--------+--------+--------+--------+-----+--------+

Top non-repeatable levels by time:
     D:1: 534 daAuts
     D:2: 290 daAuts
